 Dungeon Crawl Stone Soup version 0.22.1-6-g1668fe2c40 (webtiles) character file.

17838 Revguard the Covert (level 12, -5/106 HPs)
             Began as a Demonspawn Monk on Feb 2, 2019.
             Was a High Priest of Dithmenos.
             Killed by divine providence
             ... invoked by an orc priest
              (12 damage)
             ... on level 2 of the Orcish Mines.
             The game lasted 01:31:11 (11994 turns).

Revguard the Covert (Demonspawn Monk)              Turns: 11994, Time: 01:31:11

Health: -5/106     AC: 17    Str: 23      XL:     12   Next: 22%
Magic:  18/18      EV: 13    Int:  6 (9)  God:    Dithmenos [*****.]
Gold:   1108       SH:  0    Dex: 21      Spells: 6/19 levels left

rFire    + . .     SeeInvis +   k - +9 rapier "Tammozo" {freeze, rF- rN+ Dex+2}
rCold    + . .     Gourm    .   (no shield)
rNeg     + . .     Faith    .   J - +2 chain mail of the Several Wars {rF+ Str+4 SInv}
rPois    +         Spirit   .   g - +1 hat
rElec    +         Reflect  .   Q - +0 cloak {rPois}
rCorr    +         Harm     .   (no gloves)
MR       .....     Clarity  +   (boots unavailable)
Stlth    ++++......             x - amulet of Vitality {Regen+ HP+15}
HPRegen  5.67/turn              O - ring of see invisible
MPRegen  0.16/turn              v - ring of stealth

@: mighty, resistant, berserk cooldown, slowed, wreathed by umbra, very slow
A: hooves 3, slimy green scales 3, clarity, demonic guardian 1, deterioration 1,
dopey 1, powered by death 1
a: Shadow Step, Shadow Form, Renounce Religion


You were on level 2 of the Orcish Mines.
You worshipped Dithmenos.
Dithmenos was extremely pleased with you.
You were hungry.

You visited 2 branches of the dungeon, and saw 13 of its levels.
You also visited: Ossuary and Bailey.

You collected 1108 gold pieces.

Inventory:

Hand Weapons
 k - the +9 rapier "Tammozo" (weapon) {freeze, rF- rN+ Dex+2}
   (You found it in a bailey)

   It has been specially enchanted to freeze those struck by it, causing extra
   injury to most foes and up to half again as much damage against particularly
   susceptible opponents.
   It can also slow down cold-blooded creatures.
   It affects your dexterity (+2).
   It makes you vulnerable to fire.
   It protects you from negative energy.
 s - a +0 blowgun
Missiles
 t - 61 poisoned needles
 I - 3 needles of confusion
Armour
 g - a +1 hat (worn)
 J - the +2 chain mail of the Several Wars (worn) {rF+ Str+4 SInv}
   (You took it off an orc warrior on level 11 of the Dungeon)

   It affects your strength (+4).
   It protects you from fire.
   It lets you see invisible.
 Q - a +0 cloak of poison resistance (worn)
Jewellery
 m - an uncursed ring of flight
 v - a ring of stealth (right hand)
 x - the amulet of Vitality (around neck) {Regen+ HP+15}
   (You took it off a wight on level 10 of the Dungeon)

   [amulet of regeneration]

   It affects your health (+15).
   It increases your rate of regeneration.
 O - a ring of see invisible (left hand)
Wands
 r - a wand of random effects (31)
 z - a wand of enslavement (19)
 A - a wand of disintegration (34)
Scrolls
 b - 7 scrolls of teleportation
 i - 4 scrolls of remove curse
 l - 2 scrolls of enchant armour
 o - 2 scrolls of fog
 p - 2 scrolls of identify
 u - 3 scrolls of enchant weapon
 y - 2 scrolls of amnesia
 H - 2 scrolls of immolation
Potions
 B - a potion of haste
 C - 2 potions of brilliance
 D - a potion of flight
Comestibles
 c - 24 rations


   Skills:
 + Level 7.0 Fighting
 + Level 9.5 Short Blades
 + Level 4.6 Throwing
 + Level 3.9 Armour
 + Level 7.3 Dodging
 + Level 9.9 Stealth
 * Level 4.3 Spellcasting
 * Level 3.2 Hexes
 - Level 3.0 Transmutations
 * Level 4.6 Earth Magic
 + Level 1.4 Invocations
 - Level 0.6 Evocations


You had 6 spell levels left.
You knew the following spells:

 Your Spells              Type           Power        Failure   Level  Hunger
a - Passwall              Tmut/Erth      #.......     61%         2    ###....
b - Lee's Rapid Deconstr  Erth           #.........   100%        5    ######.
c - Invisibility          Hex            #.......     100%        6    #######

Your spell library contained the following spells:

 Spells                   Type           Power        Failure   Level  Hunger
 Swiftness                Chrm/Air       #.......     98%         2    ###....
 Passage of Golubria      Tloc           N/A          100%        4    #####..
 Darkness                 Hex            #.........   100%        6    #######


Dungeon Overview and Level Annotations

Branches:
Dungeon (11/15)            Temple (0/1) D:7            Lair (0/6) D:8
    Orc (2/2) D:10            Elf (0/3) Orc:2

Altars:
Cheibriados
Dithmenos
Kikubaaqudgha
Makhleb
Nemelex Xobeh
Okawaru
Ru
Sif Muna
Uskayaw
Xom
Zin
Beogh

Shops:
D:10 [

Annotations:
Orc:2 Saint Roka


Innate Abilities, Weirdness & Mutations

You have hooves in place of feet.
You are completely covered in slimy green scales. (AC +4, rPois)
A weak demonic guardian rushes to your aid.
You regenerate a little health from kills.
You possess an exceptional clarity of mind.
Your body sometimes deteriorates upon taking damage.
You are dopey. (Int -2)


Message History

The orc priest mumbles some strange prayers to Beogh against you.
Beogh smites you!
* * * LOW HITPOINT WARNING * * *
Your iron imp barely misses the orc priest.
The orc priest hits your iron imp but does no damage.
The orc warrior hits you from afar with a glaive.
* * * LOW HITPOINT WARNING * * *
The orc warrior barely misses you.
You feel better. The orc closely misses your iron imp.
The orc priest hits your iron imp with a dagger.
Your iron imp dies!
Your shadow imp hits the orc warrior but does no damage.
The orc priest closely misses you.
The orc warrior hits you from afar with a glaive!
* * * LOW HITPOINT WARNING * * *
Your body deteriorates!
You feel dopey. The orc warrior closely misses you.
The orc priest calls down the wrath of Beogh upon you.
Beogh smites you!
You die...

# ### #.. ......... #
##.## .. #...#.... #
##...# #.. ........# .#
#...## #.. #...#...# ..#
##...## #...o.....#
.####.....# #.o#...#..#
## #......# #..oo...#
##......#######oo.####
###.......#....)@o.....#
#.........#....5oo.......
...............ooo.......
#.#......................
##.......................
###......................
# ##.....................
....................... #
................#.....


You could see 2 orc warriors, 5 orc priests, 4 orcs and a friendly shadow imp.

Vanquished Creatures
  A stone giant (Orc:1)
  A hydra (D:11)
  A two-headed ogre (Orc:2)
  The ghost of Flure the Slicer, a journeyman OpAs of Dithmenos (D:11)
  An orc high priest (Orc:2)
  An unseen horror (D:11)
  Pikel (D:7)
  The ghost of Bitard the Cleaver, a novice MiFi of Okawaru (D:7)
  An orc knight (Orc:2)
  An ugly thing (D:11)
  An orc sorcerer (Orc:2)
  A cyclops (D:11)
  A gargoyle (D:11)
  A kobold demonologist (D:7)
  2 trolls
  3 hippogriffs
  A wraith (D:8)
  6 yaks
  A wyvern (D:11)
  Edmund (D:4)
  2 wargs
  14 orc warriors
  3 black bears
  A sky beast (D:11)
  A phantom (D:4)
  3 ice beasts
  5 ogres
  2 necrophages (D:8)
  16 centaurs
  9 big kobolds
  5 bullfrogs
  8 gnoll sergeants (Bailey)
  A water moccasin zombie (Ossuary)
  2 scorpions
  A water moccasin skeleton (D:8)
  10 wights
  4 howler monkeys
  A centaur zombie (D:8)
  4 crimson imps
  A bullfrog zombie (D:9)
  9 hounds
  5 human zombies (D:8)
  A jelly (D:8)
  14 orc priests
  5 gnoll shamans (Bailey)
  11 orc wizards
  A centaur skeleton (D:3)
  Jessica (D:2)
  2 iguanas
  9 worker ants
  2 killer bee zombies
  A big kobold zombie (Ossuary)
  An ogre zombie (D:8)
  A hound zombie (D:7)
  2 hound skeletons
  4 mummies
  22 gnolls
  2 howler monkey skeletons (D:5)
  9 adders
  A shadow imp (D:9)
  2 oozes
  5 adder zombies
  An adder skeleton (D:5)
  4 worms
  7 leopard geckos
  74 orcs
  9 bats
  5 giant cockroaches
  2 gnoll zombies (Ossuary)
  16 goblins
  9 hobgoblins
  2 jackals (D:3)
  8 quokkas
  3 frilled lizards
  7 hobgoblin zombies (Ossuary)
  17 kobolds
  7 kobold zombies (Ossuary)
  A leopard gecko zombie (D:5)
  8 orc zombies
  6 rats
417 creatures vanquished.

Vanquished Creatures (collateral kills)
  A troll (D:11)
  A hippogriff (D:11)
  An ogre (D:5)
  A bullfrog (D:7)
  2 howler monkeys (D:9)
  A hound (D:8)
  3 orc priests
  2 orc wizards (D:4)
  A gnoll shaman (Bailey)
  An iguana (D:11)
  3 gnolls (D:5)
  7 orcs
  A kobold (D:10)
  A jackal zombie (D:7)
26 creatures vanquished.

Vanquished Creatures (others)
  A crimson imp (D:7)
  A gnoll (Bailey)
  An orc (Orc:1)
  2 fungi (D:7)
  2 plants (D:7)
7 creatures vanquished.

Grand Total: 450 creatures vanquished

Notes
Turn   | Place    | Note
-------+----------+-------------------------------------------
     0 | D:1      | Revguard the Demonspawn Monk began the quest for the Orb.
     0 | D:1      | Reached XP level 1. HP: 18/18 MP: 1/1
   293 | D:1      | Gained mutation: You are partially covered in slimy green
                  | scales. (AC +2) [demonic ancestry]
   293 | D:1      | Reached XP level 2. HP: 24/24 MP: 2/2
  1046 | D:2      | Gained mutation: You are mostly covered in slimy green
                  | scales. (AC +3) [demonic ancestry]
  1046 | D:2      | Reached XP level 3. HP: 29/29 MP: 3/3
  1109 | D:2      | Noticed Jessica
  1125 | D:2      | Killed Jessica
  1521 | D:2      | Gained mutation: A weak demonic guardian rushes to your
                  | aid. [demonic ancestry]
  1521 | D:2      | Reached XP level 4. HP: 26/35 MP: 4/4
  2230 | D:3      | Found a deep blue altar of Sif Muna.
  2270 | D:3      | Gained mutation: You regenerate a little health from kills.
                  | [demonic ancestry]
  2270 | D:3      | Reached XP level 5. HP: 12/41 MP: 5/5
  2314 | D:3      | Found an iron altar of Okawaru.
  2640 | D:4      | Noticed a phantom
  2680 | D:4      | Killed a phantom
  2680 | D:4      | Reached skill level 1 in Armour
  2680 | D:4      | Gained mutation: You are completely covered in slimy green
                  | scales. (AC +4, rPois) [demonic ancestry]
  2680 | D:4      | Reached XP level 6. HP: 37/47 MP: 6/6
  2924 | D:4      | Noticed Edmund
  2985 | D:4      | HP: 2/48 [Edmund/dire flail of protection (6)]
  3207 | D:4      | Killed Edmund
  3298 | D:4      | Reached XP level 7. HP: 6/53 MP: 7/7
  3550 | D:4      | Found a shadowy altar of Dithmenos.
  3560 | D:4      | Became a worshipper of Dithmenos the Shadowed
  3560 | D:4      | Reached * piety under Dithmenos
  3560 | D:4      | Reached ** piety under Dithmenos
  3621 | D:5      | Entered Level 5 of the Dungeon
  3681 | D:5      | Reached skill level 5 in Short Blades
  4762 | D:5      | Gained mutation: You have large cloven feet. [demonic
                  | ancestry]
  4762 | D:5      | Reached XP level 8. HP: 31/61 MP: 3/8
  5088 | D:6      | Reached skill level 5 in Stealth
  5205 | D:6      | Reached *** piety under Dithmenos
  5230 | D:6      | Found a snail-covered altar of Cheibriados.
  5487 | D:6      | Found a burning altar of Makhleb.
  5490 | D:6      | Found a glowing silver altar of Zin.
  5493 | D:6      | Found a sacrificial altar of Ru.
  5604 | D:6      | Gained mutation: Your body sometimes deteriorates upon
                  | taking damage. [potion of mutation]
  5604 | D:6      | Gained mutation: You are dopey. (Int -2) [potion of
                  | mutation]
  5604 | D:6      | Gained mutation: You possess an exceptional clarity of
                  | mind. [potion of mutation]
  5847 | D:7      | Found a staircase to the Ecumenical Temple.
  5888 | D:7      | Got a faintly humming robe
  5899 | D:7      | Identified the +1 robe of Hedging {rN+ Int-2 Slay+6 SInv}
                  | (You found it on level 7 of the Dungeon)
  5917 | D:7      | Noticed a hippogriff
  5938 | D:7      | Killed a hippogriff
  5958 | D:7      | Found a runed gate.
  5958 | D:7      | Found a runed gate.
  5958 | D:7      | Found a runed gate.
  5970 | D:7      | Noticed a kobold demonologist
  5975 | D:7      | Noticed Bitard's ghost (novice MiFi)
  6162 | D:7      | Noticed Pikel
  6193 | D:7      | Killed Pikel
  6193 | D:7      | Reached skill level 5 in Fighting
  6193 | D:7      | Reached skill level 1 in Throwing
  6193 | D:7      | Reached skill level 5 in Dodging
  6193 | D:7      | Gained mutation: You have hoof-like feet. [demonic
                  | ancestry]
  6193 | D:7      | Reached XP level 9. HP: 38/68 MP: 6/9
  6380 | D:7      | Noticed a soul eater
  6385 | D:7      | Noticed an orange demon
  6491 | D:7      | Killed a kobold demonologist
  6533 | D:7      | Killed Bitard's ghost
  6807 | D:8      | Found a sand-covered staircase.
  6812 | Ossuary  | Entered an ossuary
  6926 | Ossuary  | Reached **** piety under Dithmenos
  7069 | D:8      | Gained mutation: You have hooves in place of feet. [demonic
                  | ancestry]
  7069 | D:8      | Reached XP level 10. HP: 70/74 MP: 5/10
  7084 | D:8      | Found a staircase to the Lair.
  7125 | D:8      | Reached skill level 1 in Invocations
  7220 | D:8      | Found a shimmering altar of Xom.
  7295 | D:8      | Learned a level 2 spell: Passwall
  7301 | D:8      | Learned a level 5 spell: Lee's Rapid Deconstruction
  7466 | D:8      | Reached skill level 1 in Transmutations
  7477 | D:8      | Reached skill level 1 in Earth Magic
  7479 | D:8      | Found an ancient bone altar of Kikubaaqudgha.
  7481 | D:8      | Reached skill level 1 in Spellcasting
  7558 | D:8      | Found a sparkling altar of Nemelex Xobeh.
  8178 | D:9      | Found a shadowy altar of Dithmenos.
  8279 | D:9      | Found a hide-covered altar of Uskayaw.
  8849 | D:10     | Entered Level 10 of the Dungeon
  8907 | D:10     | Found a staircase to the Orcish Mines.
  9298 | D:10     | You fall through a shaft!
  9327 | D:11     | Noticed a green ugly thing
  9333 | D:11     | Killed a green ugly thing
  9473 | D:11     | Reached XP level 11. HP: 80/80 MP: 14/14
  9620 | D:11     | Reached ***** piety under Dithmenos
  9652 | D:11     | Found a flagged portal.
  9662 | Bailey   | Entered a bailey
 10023 | Bailey   | Got a bone rapier
 10024 | Bailey   | Identified the +9 rapier "Tammozo" {freeze, rF- rN+ Dex+2}
                  | (You found it in a bailey)
 10181 | D:11     | Noticed an unseen horror
 10187 | D:11     | Killed an unseen horror
 10198 | D:11     | Learned a level 6 spell: Invisibility
 10226 | D:11     | Noticed an eight-headed hydra
 10253 | D:11     | Killed an eight-headed hydra
 10253 | D:11     | Reached skill level 1 in Hexes
 10523 | D:11     | Found a runed gate.
 10523 | D:11     | Noticed Flure's ghost (journeyman OpAs)
 10524 | D:11     | Found a runed gate.
 10526 | D:11     | Found a runed gate.
 10537 | D:11     | Found a roughly hewn altar of Beogh.
 10571 | D:11     | Killed Flure's ghost
 10589 | D:11     | Got a steaming chain mail
 10657 | D:11     | Got a translucent cloak
 10669 | D:11     | Identified the +0 cloak "Golonta" {-Tele rN+++ Int+4
                  | Stlth-} (You found it on level 11 of the Dungeon)
 10689 | D:11     | Identified the +2 chain mail of the Several Wars {rF+ Str+4
                  | SInv} (You took it off an orc warrior on level 11 of the
                  | Dungeon)
 10876 | D:10     | Found Zuikogo's Armour Shop.
 11271 | Orc:1    | Entered Level 1 of the Orcish Mines
 11279 | Orc:1    | Noticed a stone giant
 11319 | Orc:1    | Killed a stone giant
 11532 | Orc:2    | Entered Level 2 of the Orcish Mines
 11538 | Orc:2    | Noticed a two-headed ogre
 11553 | Orc:2    | Killed a two-headed ogre
 11553 | Orc:2    | Reached XP level 12. HP: 77/89 MP: 18/18
 11582 | Orc:2    | Noticed Saint Roka
 11607 | Orc:2    | HP: 1/104 [soul eater/drain life[Saint Roka] (7)]
 11613 | Orc:2    | HP: 2/104 [ogre/giant spiked club (10)]
 11615 | Orc:2    | Found a staircase to the Elven Halls.
 11675 | Orc:2    | Paralysed by an orc sorcerer for 5 turns
 11955 | Orc:2    | Noticed an orc high priest
 11978 | Orc:2    | Killed an orc high priest
 11993 | Orc:2    | HP: 5/106 [orc priest/divine providence (15)]
 11993 | Orc:2    | HP: 1/106 [orc warrior/glaive (4)]
 11994 | Orc:2    | Killed from afar by an orc priest

Skill      XL: |  1  2  3  4  5  6  7  8  9 10 11 12 |
---------------+-------------------------------------+-----
Short Blades   | 3 4 5 7 8 9 |  9.5
Stealth        | 2 3 4 6 8 9 |  9.9
Dodging        | 3 4 5 6 7 |  7.3
Armour         | 1 2 3 |  3.9
Fighting       | 4 5 6 7 |  7.0
Throwing       | 1 3 4 |  4.6
Invocations    | 1 |  1.4
Transmutations | 2 3 |  3.0
Earth Magic    | 2 4 |  4.6
Spellcasting   | 2 4 |  4.3
Hexes          | 2 3 |  3.2
Evocations     | |  0.6

Action                   |  1- 3 |  4- 6 |  7- 9 | 10-12 || total
-------------------------+-------+-------+-------+-------++-------
Melee: Short sword       |    90 |   268 |    49 |       ||   407
       Dagger            |       |       |   638 |   326 ||   964
       Kick              |       |       |   127 |   197 ||   324
       Rapier            |       |       |       |   186 ||   186
 Fire: Blowgun           |       |       |     7 |    29 ||    36
 Cast: Passwall          |       |       |       |     2 ||     2
Invok: Shadow Step       |       |       |     5 |     3 ||     8
 Abil: Evoke Flight      |       |       |       |     3 ||     3
       Stop Flying       |       |       |       |     2 ||     2
Evoke: Wand              |       |       |       |    18 ||    18
  Use: Potion            |       |     4 |     1 |    15 ||    20
       Scroll            |       |     2 |    20 |    11 ||    33
 Stab: Sleeping          |     7 |     6 |    29 |    20 ||    62
       Distracted        |       |     3 |     3 |     4 ||    10
       Invisible         |       |       |       |     7 ||     7
       Betrayed ally     |       |       |       |     1 ||     1
  Eat: Chunk             |     1 |     6 |    13 |    16 ||    36
Armor: Robe              |     7 |       |    42 |    47 ||    96
       Leather armour    |    11 |    63 |    54 |       ||   128
       Chain mail        |       |       |       |    43 ||    43
Dodge: Dodged            |    57 |   177 |   377 |   460 ||  1071
